 Dungeon Crawl Stone Soup version 0.18.1-50-g88ac8fd (webtiles) character file.

40 dzz the Grave Robber (level 3, -6/24 HPs)
             Began as a Demonspawn Necromancer on Oct 20, 2016.
             Mangled by a worm (9 damage)
             ... on level 2 of the Dungeon.
             The game lasted 00:16:25 (1383 turns).

dzz the Grave Robber (Demonspawn Necromancer)       Turns: 1383, Time: 00:16:26

Health: -6/24      AC:  2    Str:  8    XL:     3   Next: 30%
Magic:  1/6        EV: 11    Int: 17    God:
Gold:   57         SH:  3    Dex: 13    Spells: 3 memorised, 1 level left

rFire  . . .     SeeInvis .     d - +0 club
rCold  . . .     Gourm    .     a - +0 robe
rNeg   . . .     Faith    .     m - +0 buckler
rPois  .         Spirit   .     (no helmet)
rElec  .         Dismiss  .     (no cloak)
rCorr  .         Reflect  .     (no gloves)
SustAt .         Harm     .     (no boots)
MR     .....                    (no amulet)
Stlth  ++........               (no ring)
                                (no ring)

@: about to teleport, very slightly contaminated, not resistant to hostile
enchantments, unstealthy
A: demonic guardian 1, rot immunity
a: no special abilities


You were on level 2 of the Dungeon.
You were not hungry.

You visited 1 branch of the dungeon, and saw 2 of its levels.

You collected 57 gold pieces.

Inventory:

Hand Weapons
 d - a +0 club (weapon)
Missiles
 e - 34 stones (quivered)
Armour
 a - a +0 robe (worn)
 m - a +0 buckler (worn)
Scrolls
 l - a scroll of magic mapping
Potions
 h - a potion of flight {unknown}
 i - a potion of lignification {unknown}
 j - a potion of heal wounds {unknown}
 k - a potion of mutation {unknown}
Books
 b - a book of Necromancy

   Spells                             Type                      Level
   a - Pain                           Necromancy                   1
   b - Animate Skeleton               Necromancy                   1
   c - Vampiric Draining              Necromancy                   3
   d - Regeneration                   Charms/Necromancy            3
   e - Animate Dead                   Necromancy                   4
   f - Control Undead                 Necromancy                   4
Comestibles
 c - a bread ration
 f - 5 fruits


   Skills:
 - Level 1.9 Dodging
 - Level 1.7 Stealth
 - Level 2.0 Spellcasting
 + Level 5.5 Necromancy


You had one spell level left.
You knew the following spells:

 Your Spells              Type           Power        Failure   Level  Hunger
a - Pain                  Necr           ###.         3%          1    #......
b - Animate Skeleton      Necr           N/A          3%          1    #......
c - Vampiric Draining     Necr           ###.......   12%         3    ###....


Dungeon Overview and Level Annotations

Branches:
Dungeon (2/15)

Altars:
Pakellas

Shops:
D:2 }


Innate Abilities, Weirdness & Mutations

A weak demonic guardian rushes to your aid.
You are immune to rotting.


Message History

You smell decay.
Casting: Pain
Confirm with . or Enter, or press ? or * to list all spells.
Aiming: Pain
Press: ? - help, Shift-Dir - straight line, f/p - worm
Aim: a worm (moderately wounded, chance to defeat MR: 85%)
The worm convulses in agony!
The worm bites you but does no damage.
You hit the worm.
The worm is heavily wounded.
You hit the worm.
The worm is severely wounded.
The worm bites you!
You barely miss the worm.
The worm is severely wounded.
The worm bites you!
* * * LOW HITPOINT WARNING * * *
Read which item? (? for menu, Esc to quit)
As you read the scroll of teleportation, it crumbles to dust.
You feel strangely unstable. You block the rat's attack. The worm bites you!
You die...

*,***,* #.# #.* *,* #.# #.*
*,*###[######### #.*
***#......##....
***#####.### #.#.##.##....
*,,........# #.#.##.##.##.
*,,........####.#.##.##.##.
*,,.............#.##.##..).
*,,.......@.#####.##.##.##.
*,,.......wr#***#..........
*,,................#.##..#.
*,,.........#####..#.##....
*,,.........#***#..#.##.##.
*,,..........,,,......>....
*,,........##*,##....##.##.
***#####.### *,*#........,,
*,* *,*#...##*.#**


You could see a worm and a rat.

Vanquished Creatures
  An adder (D:2)
  2 giant geckos
  2 ball pythons
  2 bats (D:1)
  4 goblins (D:1)
  5 hobgoblins
  2 kobolds (D:1)
  6 giant newts
  2 rats
26 creatures vanquished.

Vanquished Creatures (collateral kills)
  2 hobgoblins
  A kobold (D:1)
3 creatures vanquished.

Grand Total: 29 creatures vanquished

Notes
Turn   | Place    | Note
--------------------------------------------------------------
     0 | D:1      | dzz the Demonspawn Necromancer began the quest for the Orb.
     0 | D:1      | Reached XP level 1. HP: 13/13 MP: 3/3
     4 | D:1      | Learned a level 1 spell: Animate Skeleton
   199 | D:1      | Gained mutation: A weak demonic guardian rushes to your aid. [demonic ancestry]
   199 | D:1      | Reached XP level 2. HP: 11/19 MP: 0/5
   379 | D:1      | Reached skill level 5 in Necromancy
  1099 | D:2      | Gained mutation: You are immune to rotting. [demonic ancestry]
  1099 | D:2      | Reached XP level 3. HP: 15/24 MP: 4/6
  1319 | D:2      | Found an oddly glowing altar of Pakellas.
  1319 | D:2      | Found Pakellas's Prime Provisions.
  1351 | D:2      | Learned a level 3 spell: Vampiric Draining
  1383 | D:2      | Mangled by a worm

Skill      XL: |  1  2 |
---------------+-------+-----
Necromancy     | 5 |  5.5
Dodging        | |  1.9
Stealth        | |  1.7
Spellcasting   | |  2.0

Action                   || total
-------------------------++-------
Melee: Club              ||    21
Throw: Stone             ||    18
 Cast: Pain              ||    39
       Animate Skeleton  ||    14
  Use: Scroll            ||     3
 Stab: Sleeping          ||     1
  Eat: Chunk             ||     2
Armor: Robe              ||     4
Dodge: Dodged            ||    19
Block: Buckler           ||     2
